Unix xNetHack Version 8.0.0 - last build Mar 23 2024 02:42:02 (1964348d4f5f1cf1067ea9968e02252fcc83c468). Game began 2024-03-31 09:31:34, ended 2024-04-01 06:26:27. Catomat, neutral female human Wizard ------------------------ |......................| |..-------------------.| ----.| ----- |.| |..|.-- --...| |.| |.n...|--|..0.| |.| |.....|..|....| |%| --....|.....0-- |.| |.......|...| ------|.| |....|..|...| --|.....|.| |....---|...| |.+.....|%| |.......|.)-- |-|.....|.| ----....|.-- |.+..@.%%.| ---.--.| |-|.....|-- |.....| |.+p....| |>.|..| --|..m..| ------- ------- Catomat the Thaumaturge St:16 Dx:17 Co:17 In:18 Wi:14 Ch:10 Neutral S:22507 Dlvl:2 $:3259 HP:0(60) Pw:50(89) AC:-4 Xp:9/4692 T:16579 Satiated Blind Latest messages: This jaguar corpse is gamey. You finish eating the jaguar corpse. What do you want to wear? [*] You are now wearing a towel around your head. You can't see any more. Please move the cursor to an unknown object. (For instructions type a '?') In what direction? The spell hits the invisible stalker! You hear something shatter! You gore the invisible stalker. The invisible stalker lashes you! You kill the invisible stalker! $ - 126 gold pieces {1} (3236 in total). You try to feel what is lying here on the doorway. There is an open door here. There are many more objects here. There is a stalker corpse here; eat it? [ynq] (n) This stalker corpse is gamey. You feel stronger! You must have been exercising diligently. You feel wiser! You must have been very observant. You finish eating the stalker corpse. A mysterious force prevents you from teleporting! You try to feel what is lying here on the doorway. What do you want to use or apply? [ik-mpuwST or ?*] Are you really sure you want to break your brass wand? [yn] (n) There is a vampire bat corpse here; eat it? [ynq] (n) There is a chameleon corpse here; eat it? [ynq] (n) There is a giant ant corpse here; eat it? [ynq] (n) This giant ant corpse tastes terrible! You finish eating the giant ant corpse. What do you want to use or apply? [ik-mpuwST or ?*] You feel a bit steadier now. You try to feel what is lying here on the floor. There are two objects here. K - a scroll {5}. $ - 13 gold pieces {0} (3249 in total). $ - 10 gold pieces {0} (3259 in total). You try to feel what is lying here on the floor. There are several more objects here. Including a cockatrice corpse, unfortunately. Touching the cockatrice corpse is a fatal mistake... You turn to stone... Do you want your possessions identified? [ynq] (y) Do you want to see your attributes? [ynq] (y) Do you want an account of creatures vanquished? [ynaq] (y) Do you want to see your conduct and achievements? [ynq] (y) Do you want to see the dungeon overview? [ynq] (y) Inventory: Inventory: 622/875 weight (43/52 slots) Coins $ - 3259 gold pieces {33} Weapons D - 8 blessed +0 daggers (at the ready) {80} y - a +0 elven dagger {10} d - a +0 mithril elven dagger (weapon in hand) {5} Armor H - an uncursed +3 mithril dwarvish helm (being worn) {19} B - an uncursed +0 pair of mithril dwarvish boots (being worn) {24} C - an uncursed thoroughly burnt +0 cloak of magic resistance (being worn) {8} M - an uncursed +0 mithril elven ring mail {117} Comestibles s - an uncursed carrot {2} n - an uncursed food ration {20} f - 2 uncursed lembas wafers {10} a - an uncursed tripe ration {10} z - 2 uncursed lizard corpses {20} Scrolls U - an uncursed scroll of create monster {5} K - an uncursed scroll of destroy armor {5} g - a cursed scroll of destroy armor {5} J - an uncursed scroll of enchant armor {5} v - an uncursed scroll of identify {5} h - a cursed scroll of identify {5} I - an uncursed scroll of teleportation {5} Potions j - an uncursed potion of extra healing {20} Rings O - an uncursed ring of aggravate monster named formerly cursed {3} q - an uncursed ring of cold resistance {3} A - an uncursed ring of cold resistance named formerly cursed {3} t - an uncursed ring of conflict (on right hand) {3} o - an uncursed ring of invisibility {3} G - an uncursed ring of invisibility {3} x - an uncursed ring of levitation {3} L - an uncursed +0 ring of protection {3} c - an uncursed ring of regeneration (on left hand) {5} b - an uncursed ring of warning {3} Wands i - a wand of create monster (0:11) {7} m - a blessed wand of death (0:7) {7} Tools l - a blessed magic lamp (lit) {20} w - an uncursed copper magic whistle {3} p - a +0 pick-axe (alternate weapon; not wielded) {100} k - an uncursed skeleton key {3} T - an uncursed towel (being worn) {2} u - a +0 unicorn horn {20} Gems/Stones r - 2 uncursed black opals {2} V - an uncursed diamond {1} X - an uncursed jacinth stone {1} W - an uncursed jasper stone {1} S - an uncursed touchstone {10} Catomat the Wizard's attributes: Background: You were a Thaumaturge, a level 9 female human Wizard. You were neutral, on a mission for Thoth who was opposed by Ptah (lawful) and Anhur (chaotic). You were heterosexual. You were in Sokoban, on level 2. You entered the dungeon 16579 turns ago. You had 4692 experience points, 428 more were needed to attain level 10. Your score was 22507 before end-of-game adjustments. Basics: You had 0 out of 60 hit points. You had 50 out of 89 energy points (spell power). Your armor class was -4. Your wallet contained 3259 zorkmids. Autopickup was on for '$"?!=/' plus thrown. Final Characteristics: Your strength was 16 (limit:18/100). Your dexterity was 17 (limit:18). Your constitution was 17 (limit:18). Your intelligence was 18 (limit:18). Your wisdom was 14 (limit:18). Your charisma was 10 (limit:18). Final Status: You were deliberately blind. You were satiated. You were unencumbered. You were wielding a dagger. You were skilled in dagger. Final Attributes: You were piously aligned. You were magic-protected. You were sleep resistant. You were poison resistant. You were telepathic. You were invisible. You caused conflict. You could teleport. You regenerated. You had a small defense bonus (+5). You were warded. You were unlucky. You are dead. Miscellaneous: You never encountered a bones level. Total elapsed playing time was 4 hours, 39 minutes and 11 seconds. Major events: Turn 1: Catomat the neutral female human Wizard entered the dungeon 575: attained the rank of Conjurer (level 3) 1256: entered the Gnomish Mines 1835: attained the rank of Thaumaturge (level 6) 2577: reached Mine Town 6516: entered Sokoban 6889: completed 1st Sokoban level 7452: completed 2nd Sokoban level 7997: completed 3rd Sokoban level 16440: completed 4th Sokoban level 16579: petrified by touching a cockatrice corpse bare-handed Vanquished creatures: a giant mimic a stalker a small mimic a xan an ogre leader a pyrolisk a tiger a tengu a python a carnivorous ape a watchman 2 chameleons 3 giant beetles a quivering blob 2 cockatrices 2 wolves a winter wolf cub a lynx a panther a gremlin 3 leprechauns an iron piercer a horse a vampire bat 2 Green-elves 4 rust monsters 2 owlbears 2 yetis a werewolf 3 lizards a dog 3 jaguars a white unicorn a black unicorn a Woodland-elf a rope golem 8 soldier ants a wood nymph 3 bugbears 3 Uruk-hai an orc shaman 3 rock piercers 5 rock moles 2 ponies 2 yellow lights a shrieker 2 violet fungi 9 gnome leaders 2 gnomish wizards a kobold mummy a barrow wight 4 giant ants 2 floating eyes a kitten 14 dwarves 5 rothes 4 giant bats a monkey 8 orc zombies a dwarf zombie 5 iguanas 10 killer bees an acid blob 2 hobbits 7 manes a hobgoblin 10 giant rats a cave spider 5 brown molds 2 yellow molds 2 green molds 2 red molds 52 gnomes a garter snake a gnome zombie 6 geckos 15 jackals a kobold 9 goblins 2 sewer rats 5 grid bugs 4 bats 5 lichens 3 kobold zombies 7 newts 296 creatures vanquished. No species were genocided or became extinct. Voluntary challenges: You read items or engraved 26 times. You never genocided any monsters. You never polymorphed an object. You never changed form. You never touched an artifact. You used no wishes. You were celibate. You did not violate any of the special Sokoban rules. Achievements: You attained the rank of Conjurer. You entered a shop. You entered the Gnomish Mines. You attained the rank of Thaumaturge. You entered Minetown. You entered a temple. You entered Sokoban. Dungeon overview: The Dungeons of Doom: levels 1 to 7 Level 1: "stash in chest, vault" A fountain, a tree. Level 2: A general store, some sinks, some trees. Level 3: Some fountains. Level 4: A fountain. Stairs down to The Gnomish Mines. Level 5: Many fountains. Level 6: "expl" Stairs up to Sokoban, level 5. Level 7: A tree. The Gnomish Mines: levels 5 to 10 Level 5: Level 6: Level 7: "mm in chest" Level 8: "stash" Many shops, a temple, some fountains. Level 9: Level 10: Sokoban: levels 5 up to 2 Level 2: <- You were here. Solved. Final resting place for you, petrified by touching a cockatrice corpse bare-handed. Level 3: Solved. Level 4: Solved. Level 5: Solved. Game over: __________ / \ / REST \ / IN \ / PEACE \ / \ | Catomat | | 3259 Au | | petrified by | | touching a | | cockatrice | | corpse | | 2024 | *| * * * | * _________)/\\_//(\/(/\)/\//\/|_)_______ Goodbye Catomat the Wizard... You turned to stone in Sokoban on dungeon level 2 with 22182 points, and 3259 pieces of gold, after 16579 moves. You were level 9 with a maximum of 60 hit points when you turned to stone.